AoeStats
← brunol1901

Arena

509691692Analyzed
3v3 RM · 6d ago on Sep 27, 2026· 34m 28s· 6 players
Game mode
Random Map
Map size
Normal (6 player)
Population
200
Speed
Normal
Resources
Standard
Victory
Conquest
Starting age
Dark Age
Ending age
Imperial Age
RankedLock teamsTeams togetherTeam positionsShared explorationLock speedFull tech treeHidden civsTurbo modeCheats
Victory
Defeat
🇨🇦 Cumans · Canada
1824
+7
🇧🇷 Malay · Brazil
1663
+13
🇧🇷 Franks · Brazil
1533
+17
🇩🇪 Varangians · Germany
1626
-14
🇨🇳 Bulgarians · China
1600
-13
🇦🇷 Bulgarians · Argentina
1543
-10
Fs.BlinkAoE
6:31 Loom
8:29 Feudal Age
9:56 Fletching
17:43 Double-Bit Axe
29:15 Scale Mail Armor
31:29 Wheelbarrow
32:12 Forging
34:45 Castle Age
33:08 Horse Collar
34:31 Town Watch
Floripa
9:02 Feudal Age
9:18 Horse Collar
9:26 Double-Bit Axe
15:18 Castle Age
13:21 Town Watch
13:45 Gold Mining
15:37 Bow Saw
21:21 Wheelbarrow
21:15 Stone Mining
22:17 Loom
24:00 Hand Cart
26:28 Imperial Age
25:05 Forging
25:17 Squires
25:03 Arson
25:40 Pikeman
26:57 Fletching
28:57 Iron Casting
29:27 Bodkin Arrow
30:40 Blast Furnace
30:23 Halberdier
32:50 Coinage
33:30 Conscription
brunol1901
10:22 Feudal Age
14:22 Castle Age
12:32 Double-Bit Axe
15:56 Wheelbarrow
17:35 Loom
22:23 Scale Mail Armor
23:55 Squires
31:00 Imperial Age
30:18 Hand Cart
30:19 Scale Barding Armor
30:30 Forging
31:19 Husbandry
31:53 Chain Barding Armor
31:07 Cavalier
32:19 Conscription
32:42 Iron Casting
33:35 Plate Barding Armor
33:05 Chivalry
34:43 Bow Saw
34:33 Town Watch
🦌 Jolly Jumper
10:35 Feudal Age
11:31 Double-Bit Axe
11:44 Horse Collar
14:26 Castle Age
17:13 Bow Saw
19:56 Heavy Plow
21:03 Wheelbarrow
21:15 Light Cavalry
22:18 Hand Cart
23:14 Bloodlines
23:04 Husbandry
23:16 Gold Mining
24:43 Stone Mining
29:17 Imperial Age
26:32 Loom
29:03 Scale Barding Armor
29:34 Cavalier
30:35 Chain Barding Armor
30:26 Forging
31:44 Plate Barding Armor
31:45 Iron Casting
34:08 Blast Furnace
32:34 Vendel Legacy
[ESTG] agentemacri777
10:53 Feudal Age
9:51 Loom
12:57 Double-Bit Axe
16:57 Scale Mail Armor
17:07 Forging
18:33 Forging
18:30 Fletching
22:28 Arson
28:54 Castle Age
28:44 Scale Barding Armor
31:28 Bow Saw
32:02 Coinage
31:56 Chain Barding Armor
32:11 Iron Casting
32:47 Gambesons
33:02 Squires
34:39 Wheelbarrow
33:50 Town Watch
Long-Long-Way
11:34 Feudal Age
15:11 Castle Age
13:35 Double-Bit Axe
13:37 Loom
16:32 Bow Saw
16:43 Town Watch
22:32 Fletching
26:36 Bodkin Arrow
Connection lost

Rejoining the realm…

Still unreachable

The connection could not be restored.

Session expired

The server has moved on; the page needs a fresh start.